 Dungeon Crawl Stone Soup version 0.29-a0-613-gf2c431b9b9 (webtiles) character file.

Game seed: 8147821462269590441

296 moldycheese5 the Slasher (level 6, -12/48 HPs)
             Began as a Demonspawn Berserker on June 16, 2022.
             Was a Follower of Trog.
             Killed from afar by Sigmund (23 damage)
             ... with a bolt of light
             ... on level 3 of the Dungeon.
             The game lasted 00:03:44 (2603 turns).

moldycheese5 the Slasher (Demonspawn Berserker)     Turns: 2603, Time: 00:03:44

Health: -12/48     AC:  9    Str: 19    XL:     6   Next: 12%
Magic:  6/6        EV:  8    Int:  9    God:    Trog [*.....]
Gold:   121        SH:  0    Dex: 18    Spells: 5/5 levels left

rFire   . . .      SeeInvis .   a - +0 falchion
rCold   . . .      Faith    .   (no shield)
rNeg    . . .      Spirit   .   p - +0 chain mail
rPois   .          Reflect  .   (no helmet)
rElec   .          Harm     .   h - +0 cloak
rCorr   .          Rampage  .   (no gloves)
Will    .....                   (no boots)
Stlth   ..........              (no amulet)
HPRegen 0.16/turn               l - +6 ring of dexterity
MPRegen 0.10/turn               (no ring)

@: confused
A: hooves 1, demonic magic 2, weakness stinger 1, demonic touch 1
a: Renounce Religion, Berserk


You were on level 3 of the Dungeon.
You worshipped Trog.
Trog was aware of your devotion.
You visited 1 branch of the dungeon, and saw 3 of its levels.

You collected 121 gold pieces.

Inventory:

Hand Weapons
 a - a +0 falchion (weapon)
Armour
 b - a +0 animal skin
 d - a scarf of invisibility
 h - a +0 cloak (worn)
 m - a +0 leather armour
 p - a +0 chain mail (worn)
Jewellery
 l - a +6 ring of dexterity (left hand)
 r - a ring of flight
Wands
 s - a wand of iceblast (13)
Scrolls
 c - 2 scrolls of noise {unknown}
 f - a scroll of enchant weapon {unknown}
 i - 5 scrolls of identify {unknown}
 k - a scroll of immolation {unknown}
 o - a scroll of teleportation {unknown}
 q - a scroll of brand weapon {unknown}
Potions
 e - a potion of might {unknown}
 g - a potion of berserk rage {unknown}
 j - 2 potions of heal wounds {unknown}
 n - 2 potions of curing {unknown}
 t - a potion of ambrosia {unknown}


   Skills:
 + Level 4.0 Fighting
 + Level 4.9 Long Blades
 + Level 2.1 Armour
 + Level 2.8 Dodging
 + Level 1.1 Stealth


You had 5 spell levels left.
You didn't know any spells.
Your spell library was empty.

Dungeon Overview and Level Annotations

Branches:
Dungeon (3/15)

Altars:
Kikubaaqudgha
Zin

Annotations:
D:3 Sigmund


Innate Abilities, Weirdness & Mutations

You have large cloven feet.
Spells you cast may paralyse nearby enemies.
You have a small tail.
Your touch may inflict minor irresistible damage on your foes.


Message History

No target in view!
i - 5 scrolls labelled JIMNODGH GOUTRUCA (gained 1)
A kobold comes into view. It is wielding a +0 dagger.
The kobold shouts!
The kobold throws a stone.
The stone hits you.
You see here a lumpy green potion.
Sigmund the Dreaded comes into view.
He is wielding a +0 scythe and carrying a wand of light (14).
A rat comes into view.
The kobold throws a stone.
The stone hits you but does no damage.
Sigmund gestures wildly while chanting.
Sigmund flickers and vanishes!
Deactivating autopickup; reactivate with Ctrl-A.
The kobold hits you but does no damage.
You closely miss the kobold. Your kick misses the kobold.
You hear a zap.
A bolt of light appears from out of thin air!
The bolt of light misses the kobold.
The bolt of light hits you! The kobold hits you but does no damage.
You hit the kobold.
You kill the kobold!
Trog accepts your kill. The rat bites you but does no damage.
You completely miss the rat. You kick the rat.
You kill the rat!
Trog accepts your kill.
No target in view!
No target in view!
No target in view!
Something hits you.
Unknown command.
You hear a zap.
A bolt of light appears from out of thin air!
The bolt of light hits you!
You are confused.
* * * LOW HITPOINT WARNING * * *
You hear a zap.
A bolt of light appears from out of thin air!
The bolt of light hits you!!
You are more confused.
You die...

................#
......#####.....#
...8.## ##.8[.#
....## ##...#
...## ##!.## ..##
##..# ..# #..#
..# +..# #.# #.@#
#.# #).# #..
#.{.# #... #....#
#..8. #.8...#
..... #......#
...... ........#
###.###.#


There were no monsters in sight!

Vanquished Creatures
  Grinder (D:3)
  Natasha (D:3)
  3 adders (D:2)
  A worm (D:2)
  2 dart slugs
  3 endoplasms (D:2)
  2 giant cockroaches
  4 hobgoblins
  2 kobolds (D:3)
  3 quokkas
  7 ball pythons
  4 bats
  4 frilled lizards
  3 goblins
  3 rats
43 creatures vanquished.

Notes
Turn   | Place    | Note
-------+----------+-------------------------------------------
     0 | D:1      | moldycheese5 the Demonspawn Berserker began the quest for
                  | the Orb.
     0 | D:1      | Reached XP level 1. HP: 18/18 MP: 1/1
   574 | D:1      | Discovered your monstrous ancestry.
   574 | D:1      | Gained mutation: You have a small tail. [demonic ancestry]
   574 | D:1      | Reached XP level 2. HP: 14/24 MP: 2/2
   879 | D:1      | You fall into a shaft and drop 1 floor!
  1359 | D:2      | Gained mutation: Your touch may inflict minor irresistible
                  | damage on your foes. [demonic ancestry]
  1359 | D:2      | Reached XP level 3. HP: 23/29 MP: 3/3
  2089 | D:3      | Noticed Grinder
  2089 | D:3      | Paralysed by Grinder for 2 turns
  2106 | D:3      | Killed Grinder
  2107 | D:3      | Reached skill level 1 in Stealth
  2107 | D:3      | Gained mutation: You have large cloven feet. [demonic
                  | ancestry]
  2107 | D:3      | Reached XP level 4. HP: 7/37 MP: 4/4
  2107 | D:3      | Gained mutation: Spells you cast may paralyse adjacent
                  | enemies. [demonic ancestry]
  2107 | D:3      | Reached XP level 5. HP: 8/42 MP: 5/5
  2412 | D:3      | Found an ancient bone altar of Kikubaaqudgha.
  2467 | D:3      | Gained mutation: Spells you cast may paralyse nearby
                  | enemies. [demonic ancestry]
  2467 | D:3      | Reached XP level 6. HP: 48/48 MP: 6/6
  2470 | D:3      | Noticed Natasha
  2474 | D:3      | Killed Natasha
  2595 | D:3      | Noticed Sigmund
  2603 | D:3      | Killed from afar by Sigmund

Illustrated notes

Levels and vault maps discovered:
D:1:      lightli_arrival_flooded_house, layout_basic,
          corexii_item_surrounded_by_moat, chequers_serial_rivers_marsh
D:2:      layout_loops_ring, basic_altar
D:3:      layout_loops_ring, mainiacjoe_overflow_brackets,
          nicolae_overflow_ecumenical_swirl, uniq_sigmund, uniq_grinder,
          uniq_natasha, uniq_ijyb

Skill      XL: |  1  2  3 |
---------------+----------+-----
Dodging        | 2 |  2.8
Long Blades    | 3 4 |  4.9
Fighting       | 4 |  4.0
Armour         | 2 |  2.1
Stealth        | 1 |  1.1

Action                   |  1- 3 |  4- 6 || total
-------------------------+-------+-------++-------
Melee: Falchion          |    99 |    19 ||   118
       Tailslap          |     6 |     1 ||     7
       Punch             |     2 |       ||     2
       Touch             |     4 |     4 ||     8
       Kick              |       |     7 ||     7
Invok: Berserk           |     1 |       ||     1
 Stab: Sleeping          |     1 |       ||     1
Armor: Animal skin       |     7 |       ||     7
       Chain mail        |     7 |    15 ||    22
       Leather armour    |     5 |       ||     5
Dodge: Dodged            |    61 |     2 ||    63

Table legend: (Time is in decaauts)
 A = Elapsed time spent in this place.
 B = Non-inter-level travel time spent in this place.
 C = Inter-level travel time spent in this place.
 D = Time resting spent in this place.
 E = Time spent auto-exploring this place.
 F = Levels seen in this place.
 G = Mean time per level.
                   A        B        C        D        E       F      G
               +--------+--------+--------+--------+--------+-----+--------+
         Total |   2628 |   2577 |     51 |    473 |   1759 |   3 |  876.0 |
       Dungeon |   2628 |   2577 |     51 |    473 |   1759 |   3 |  876.0 |
               +--------+--------+--------+--------+--------+-----+--------+

Top non-repeatable levels by time:
     D:2: 1133 daAuts
     D:1: 884 daAuts
     D:3: 611 daAuts
